cohdb
Replays
Latest Replays
All Replays
Popular Replays
Top Player Replays
Match Explorer
How It Works
Community
CoH3 Stats
Reddit
Sign in to upload your games and track your stats! →
Sign in with Steam
Match 40742953
Unlisted
Match 40742953
Overview
Messages
Build Orders
End
Construct Barracks
Riflemen Squad
1⁄4-ton 4x4 Truck
Riflemen Squad
1⁄4-ton 4x4 Truck
Infantry Support Center
Grenade Package
Construct Weapon Support Center
Selects Heavy Weapons
Selects Assault Carriers
M3 Assault Carrier
Engineer Squad
M1918 Browning Automatic Rifles
Riflemen Squad
M3 Assault Carrier
Riflemen Squad
Selects Exchangeable Parts
M1 Mortar Team
Riflemen Squad
Captain Retinue
Selects M26 Pershing Heavy Tank
M26 Pershing Heavy Tank
Yee2K
gmurraymiami305
Zinnman101
Nashorn101
0
0
Comments
sign in to comment!
No comments posted yet!